 Dungeon Crawl Stone Soup version 0.31-a0-1317-gdfb52cbc09 (webtiles) character file.

Game seed: 920342032932228844

1248436 Takeo the Bringer of Light (level 27, -2/273 HPs)
             Began as a Hill Orc Fighter on Dec 19, 2023.
             Was the Champion of the Shining One.
             Slain by a death scarab (16 damage)
             ... summoned by a royal mummy
             ... on level 3 of the Tomb of the Ancients on Dec 20, 2023.
             The game lasted 03:17:07 (94896 turns).

Takeo the Bringer of Light (Hill Orc Fighter)      Turns: 94896, Time: 03:17:08

Health: -2/273     AC: 49    Str: 33      XL:     27
Magic:  1/40       EV: 18    Int:  8      God:    the Shining One [******]
Gold:   12080      SH: 39    Dex: 13 (15) Spells: 26/26 levels left

rFire   + + +        X - +16 consecrated labrys {holy, Valiant ^Fragile Fly SInv}
rCold   + + +        a - +10 tower shield of Ignorance {rN+ Int-4}
rNeg    + + +        b - +10 gold dragon scales
rPois   +            l - -2 hat of the Alchemist {rElec rPois rF+ rC+ rN+ Will+ rMut rCorr}
rElec   +            E - +2 cloak {Will+}
rCorr   +            p - +3 pair of gauntlets of War {Slay+5}
SInv    +            G - +3 pair of seven-league boots {Rampage+∞}
Will    ++++.        s - amulet "Cifokod" {Reflect rF++ Dex+3 SH+5} Stlth
                     K - ring of Duny {rF+ Int+6 SInv}
HPRegen 0.65/turn    V - ring of Terra Nullius {rC+ Int-2 Dex+2 Slay+2 SInv}
MPRegen 0.27/turn

%: reflection, resist mutation, rampage+∞
@: lethally poisoned (-2 -> -14), flying, slowed, glowing, studying 2 skills,
very slow
A: claws 1, persistent drain
}: 14/15 runes: decaying, slimy, silver, iron, obsidian, icy, bone, abyssal,
demonic, glowing, magical, fiery, dark, gossamer
a: Renounce Religion, Divine Shield, Cleansing Flame, Summon Divine Warrior,
Brand Weapon With Holy Wrath


You were on level 3 of the Tomb of the Ancients.
You worshipped the Shining One.
The Shining One was exalted by your worship.
You visited 17 branches of the dungeon, and saw 83 of its levels.
You visited Pandemonium 1 time, and saw 14 of its levels.
You visited the Abyss 1 time.
You visited 1 bazaar.
You also visited: Trove, Gauntlet, Ice Cave, Volcano and Wizlab.

You collected 18783 gold pieces.
You spent 6703 gold pieces at shops.

Inventory:

Hand Weapons
 e - the +8 mithril axe "Arga" {speed, Will+}
   (You found it on level 5 of the Vaults)

   Will+:     It increases your willpower.
 W - the +10 morningstar "Eos" {elec, Halo rElec}
   (You found it on level 7 of Cocytus)

   Halo:      It grants its wielder a halo, revealing invisible creatures and
   increasing accuracy against all within it other than the wielder.
   rElec:     It insulates you from electricity.
 X - the +16 consecrated labrys (weapon) {holy, Valiant ^Fragile Fly SInv}
   (Okawaru gifted it to you on level 3 of the Spider Nest)

   Valiant:   It becomes more powerful as more dangerous foes come into view.
   SInv:      It lets you see invisible.
   Fly:       It grants you flight.
   ^Fragile:  It will be destroyed if unequipped.
 Z - a +1 sacred scourge of holy wrath
Missiles
 I - 35 silver javelins
 O - 32 javelins
 Q - 85 boomerangs
Armour
 a - the +10 tower shield of Ignorance (worn) {rN+ Int-4}
   (You found it on level 5 of the Vaults)

   Int-4:     It affects your intelligence (-4).
   rN+:       It protects you from negative energy.
 b - +10 gold dragon scales (worn)
 c - the crystal ball of Wucad Mu {*channel}
   (You took it off a mummy priest in the Arena)

   *Channel:  It often returns the magic spent to cast spells, but lowers their
   success rate.
   It always returns the magic spent on miscasts.
 l - the -2 hat of the Alchemist (worn) {rElec rPois rF+ rC+ rN+ Will+ rMut rCorr}
   (You found it on level 4 of the Spider Nest)

   rF+:       It protects you from fire.
   rC+:       It protects you from cold.
   rElec:     It insulates you from electricity.
   rPois:     It protects you from poison rN+: It protects you from negative
   energy.
   Will+:     It increases your willpower.
   rCorr:     It protects you from acid and corrosion.
   rMut:      It protects you from mutation.
 p - the +3 pair of gauntlets of War (worn) {Slay+5}
   (You acquired it on level 4 of the Dungeon)

   Slay+5:    It affects your accuracy & damage with ranged weapons and melee
   (+5).
 E - a +2 cloak of willpower (worn)
 G - the +3 pair of seven-league boots (worn) {Rampage+∞}
   (You found it on level 4 of the Lair of Beasts)

   Rampage+∞: When moving toward enemies, its wearer moves as far as possible,
   alerting their target en route.
 H - the +10 crystal plate armour "Put-Me-On" {Dex+2}
   (Okawaru gifted it to you on level 3 of the Spider Nest)

   Dex+2:     It affects your dexterity (+2).
 R - a +2 tower shield of protection
Jewellery
 o - the amulet of Ocisoom {Spirit ^Contam rPois Str+4}
   (You found it on level 3 of the Vaults)

   [amulet of guardian spirit]

   Spirit:    It causes incoming damage to be divided between your reserves of
   health and magic.
   Str+4:     It affects your strength (+4).
   rPois:     It protects you from poison ^Contam: It causes magical
   contamination when unequipped.
 s - the amulet "Cifokod" (around neck) {Reflect rF++ Dex+3 SH+5}
   (You acquired it on level 1 of the Spider Nest)

   [amulet of reflection]

   Reflect:   It reflects blocked missile attacks.
   Dex+3:     It affects your dexterity (+3).
   rF++:      It greatly protects you from fire.
   SH+5:      It affects your SH (+5).
 t - the ring of the Mage {Wiz Archmagi}
   (You found it on level 7 of the Iron City of Dis)

   [ring of wizardry]

   Wiz:       It improves your spell success rate.
   Archmagi:  It increases the power of your magical spells.
 v - an amulet of regeneration
 K - the ring of Duny (left hand) {rF+ Int+6 SInv}
   (You took it off a minotaur in a Gauntlet)

   [ring of intelligence]

   Int+6:     It affects your intelligence (+6).
   rF+:       It protects you from fire.
   SInv:      It lets you see invisible.
 T - the ring "Wujypy" {rN++ rCorr AC+4}
   (You acquired it on level 3 of the Swamp)

   [ring of protection]

   AC+4:      It affects your AC (+4).
   rN++:      It greatly protects you from negative energy.
   rCorr:     It protects you from acid and corrosion.
 V - the ring of Terra Nullius (right hand) {rC+ Int-2 Dex+2 Slay+2 SInv}
   (You found it on level 5 of the Pits of Slime)

   [ring of see invisible]

   Int-2:     It affects your intelligence (-2).
   Dex+2:     It affects your dexterity (+2).
   Slay+2:    It affects your accuracy & damage with ranged weapons and melee
   (+2).
   rC+:       It protects you from cold.
   SInv:      It lets you see invisible.
Wands
 f - a wand of polymorph (53)
 g - a wand of digging (20)
 m - a wand of flame (168)
 q - a wand of mindburst (24)
 y - a wand of paralysis (97)
 M - a wand of quicksilver (38)
 N - a wand of roots (88)
Scrolls
 i - 14 scrolls of revelation
 k - 6 scrolls of blinking
 r - 10 scrolls of teleportation
 B - 12 scrolls of poison
 C - a scroll of brand weapon
 F - 14 scrolls of fear
 S - 2 scrolls of fog
 U - 2 scrolls of summoning
Potions
 d - 12 potions of might
 j - 30 potions of curing
 n - 6 potions of cancellation
 u - 11 potions of mutation
 x - 4 potions of resistance
 z - 3 potions of heal wounds
 D - 7 potions of magic
 J - 11 potions of ambrosia
 P - 5 potions of berserk rage
 Y - 11 potions of haste
Miscellaneous
 h - a phial of floods
 w - a phantom mirror
 A - a lightning rod (4/4)
 L - a condenser vane


   Skills:
 O Level 27 Fighting
 O Level 27 Axes
 + Level 2.3 Throwing
 O Level 27 Armour
 O Level 27 Dodging
 O Level 27 Shields
 O Level 27 Invocations
 O Level 27 Evocations


You had 26 spell levels left.
You didn't know any spells.
Your spell library contained the following spells:

 Spells                   Type           Power      Damage    Failure   Level
 Apportation              Tloc           0%         N/A       89%         1
 Foxfire                  Conj/Fire      0%         2x1d4     89%         1
 Kiss of Death            Conj/Necr      0%         2d5       89%         1
 Magic Dart               Conj           0%         1d3       89%         1
 Necrotise                Necr           0%         1d4       89%         1
 Sandblast                Erth           0%         2d4       89%         1
 Shock                    Conj/Air       0%         1d3       89%         1
 Slow                     Hex            0%         N/A       89%         1
 Sting                    Conj/Alch      0%         1d3       89%         1
 Summon Small Mammal      Summ           0%         N/A       89%         1
 Blink                    Tloc           0%         N/A       96%         2
 Call Imp                 Summ           0%         N/A       96%         2
 Cigotuvi's Dreadful Rot  Necr/Alch/Air  0%         N/A       96%         2
 Ensorcelled Hibernation  Hex/Ice        0%         N/A       96%         2
 Lesser Beckoning         Tloc           0%         N/A       96%         2
 Mercury Vapours          Alch/Air       0%         N/A       96%         2
 Momentum Strike          Conj/Tloc      0%         3d8       96%         2
 Passwall                 Alch/Erth      0%         N/A       96%         2
 Scorch                   Fire           0%         2d5       96%         2
 Searing Ray              Conj           0%         2d4       96%         2
 Sublimation of Blood     Necr           0%         N/A       96%         2
 Call Canine Familiar     Summ           0%         N/A       99%         3
 Confusing Touch          Hex            0%         N/A       99%         3
 Dazzling Flash           Conj/Hex       0%         N/A       99%         3
 Frozen Ramparts          Ice            0%         1d1       99%         3
 Gell's Gravitas          Tloc           0%         N/A       99%         3
 Hailstorm                Conj/Ice       0%         3d5       99%         3
 Inner Flame              Hex/Fire       0%         N/A       99%         3
 Mephitic Cloud           Conj/Alch/Air  0%         N/A       99%         3
 Ozocubu's Armour         Ice            0%         N/A       99%         3
 Sigil of Binding         Hex            0%         N/A       99%         3
 Stone Arrow              Conj/Erth      0%         3d7       99%         3
 Summon Guardian Golem    Hex/Summ       0%         N/A       99%         3
 Swiftness                Air            0%         N/A       99%         3
 Teleport Other           Tloc           0%         N/A       99%         3
 Tukima's Dance           Hex            0%         N/A       99%         3
 Vampiric Draining        Necr           0%         2d6       99%         3
 Volatile Blastmotes      Fire/Tloc      0%         2d10      99%         3
 Airstrike                Air            0%         2d(0-16)  100%        4
 Anguish                  Hex/Necr       0%         N/A       100%        4
 Animate Armour           Summ/Erth      0%         N/A       100%        4
 Brom's Barrelling Bould  Conj/Erth      0%         2d3       100%        4
 Cause Fear               Hex            0%         N/A       100%        4
 Dimensional Bullseye     Hex/Tloc       0%         N/A       100%        4
 Dispel Undead            Necr           0%         3d6       100%        4
 Flame Wave               Conj/Fire      0%         2d4       100%        4
 Fulminant Prism          Conj/Alch      0%         3d5       100%        4
 Ignite Poison            Fire/Alch      0%         N/A       100%        4
 Iskenderun's Mystic Bla  Conj/Tloc      0%         2d3       100%        4
 Manifold Assault         Tloc           0%         N/A       100%        4
 Olgreb's Toxic Radiance  Alch           0%         N/A       100%        4
 Passage of Golubria      Tloc           0%         N/A       100%        4
 Petrify                  Alch/Erth      0%         N/A       100%        4
 Sticky Flame             Fire/Alch      0%         2d4       100%        4
 Summon Ice Beast         Ice/Summ       0%         N/A       100%        4
 Summon Lightning Spire   Summ/Air       0%         N/A       100%        4
 Vhi's Electric Charge    Tloc/Air       0%         N/A       100%        4
 Agony                    Necr           0%         N/A       100%        5
 Arcjolt                  Conj/Air       0%         1d10      100%        5
 Fireball                 Conj/Fire      0%         3d3       100%        5
 Freezing Cloud           Conj/Ice/Air   0%         6-21      100%        5
 Irradiate                Conj/Alch      0%         3d11      100%        5
 Iskenderun's Battlesphe  Conj           0%         2d6       100%        5
 Lee's Rapid Deconstruct  Erth           0%         3d4*      100%        5
 Metabolic Englaciation   Hex/Ice        0%         N/A       100%        5
 Silence                  Hex/Air        0%         N/A       100%        5
 Summon Forest            Summ/Tloc      0%         N/A       100%        5
 Yara's Violent Unravell  Hex/Alch       0%         3d3       100%        5
 Bombard                  Conj/Erth      0%         9d1       100%        6
 Conjure Ball Lightning   Conj/Air       0%         3x3d6     100%        6
 Dispersal                Tloc           0%         N/A       100%        6
 Eringya's Noxious Bog    Alch           0%         4d6       100%        6
 Plasma Beam              Fire/Air       0%         2x1d10    100%        6
 Simulacrum               Ice/Necr       0%         N/A       100%        6
 Starburst                Conj/Fire      0%         6d3       100%        6
 Summon Cactus Giant      Summ           0%         N/A       100%        6
 Enfeeble                 Hex            0%         N/A       100%        7
 Monstrous Menagerie      Summ           0%         N/A       100%        7
 Orb of Destruction       Conj           0%         9d5       100%        7
 Ozocubu's Refrigeration  Ice            0%         4d7       100%        7
 Spellforged Servitor     Conj/Summ      0%         N/A       100%        7
 Summon Hydra             Summ           0%         N/A       100%        7
 Disjunction              Tloc           0%         N/A       100%        8
 Lehudib's Crystal Spear  Conj/Erth      0%         10d2      100%        8
 Maxwell's Capacitive Co  Air            0%         ∞         100%        8
 Dragon's Call            Summ           0%         N/A       100%        9


Dungeon Overview and Level Annotations

Branches:
Dungeon (15/15)            Temple (1/1) D:7            Lair (5/5) D:9
  Swamp (4/4) Lair:2       Spider (4/4) Lair:2        Slime (5/5) Lair:4
    Orc (2/2) D:11            Elf (3/3) Orc:2        Vaults (5/5) D:13
  Crypt (3/3) Vaults:2       Tomb (3/3) Crypt:3      Depths (4/4) D:15
   Hell (visited)             Dis (7/7) Hell            Geh (7/7) Hell
    Coc (7/7) Hell            Tar (7/7) Hell            Zot (0/5) Depths:4
  IceCv (visited)         Volcano (visited)          WizLab (visited)
Gauntlet (visited)

Altars:
Ashenzari
Cheibriados
Dithmenos
Elyvilon
Fedhas
Gozag
Hepliaklqana
Kikubaaqudgha
Makhleb
Nemelex Xobeh
Okawaru
Qazlal
Ru
Sif Muna
Trog
Uskayaw
Vehumet
Wu Jian
Xom
Yredelemnul
Zin
The Shining One
Jiyva

Shops:
D:9 !   D:14 [   Orc:2 ?*!*   Elf:1 (   Elf:2 [   Elf:3 !   Vaults:1 *:(
Vaults:4 [*[   Depths:2 [

Portals:
Hell: Depths:1 Depths:2 Depths:3 Depths:4
Abyss: Orc:1 Depths:1 Depths:2 Depths:3 Depths:4
Pandemonium: Depths:2 Depths:4
Ziggurat: Depths:1


Innate Abilities, Weirdness & Mutations

You have sharp fingernails.
Your health recovers twice as slowly from being drained.


Message History

You destroy the skeletal warrior!
The Shining One accepts your kill.
You feel better.
You feel your power returning.
You hear a faint skittering sound. x4
The mummy priest calls down the wrath of its god upon you.
Something smites you!
* * * LOW HITPOINT WARNING * * *
The ushabti shakes and rattles.
The vile air hits the wraith but does no damage.
The vile air hits you but does no damage.
The mummy priest utters an invocation to its god.
Activating: Cleansing Flame (0% risk of failure)
Press: ? - help, Q - select action, (/) - cycle Dir - look around, f - activate The golden flame engulfs you but does no damage.
You resist.
The golden flame engulfs the skeletal warrior!!!
The skeletal warrior writhes in agony!
You destroy the skeletal warrior!
The Shining One accepts your kill.
You are engulfed in dark miasma.
You are poisoned.
You feel as though you will be slow longer.
* * * LOW HITPOINT WARNING * * *
x2 You feel extremely sick.
You hear a faint skittering sound.
You hear a loud "Zot"! x2
You block the death scarab's attack.
The ushabti enters a dispersal trap!
The mummy priest blinks! x2; The guardian mummy blinks!
The spectral iron giant blinks!
The mummy priest blinks! x2
The ushabti blinks!
The wraith blinks!
The mummy priest blinks!
The death scarab blinks!
The wraith blinks!
The ushabti blinks! x2; You blink.
The ushabti blinks!
The death scarab waves its antennae.
You block the wraith's attack.
You block the spectral iron giant's attack.
You feel much better.
You are engulfed in dark miasma.
You feel as though you will be slow longer.
* * * LOW HITPOINT WARNING * * *
x2 You feel extremely sick.
The death scarab bites you!
You die...

######## ####
#....§^# #$$$$
#§.$.○.# #$$$$$
#...☼§.# ..!$$$
#....).##...$$)
#.W○B..#....^$$
#9M@B.M#Z...$$$
+.☼.Z§)§Z...$:$
#M9z.M.#.....?$
#W.9.§.#.......
#.§..$§##...^^.
#.n.)M.##......
#M.....).##.....
#3.M.^...)§##<...
#.......)§9§B##...


You could see a royal mummy, 3 mummy priests, a soul eater (summoned), a shadow
wraith (summoned, invisible), 2 guardian mummies, 3 ushabtiu, a spectral iron
giant (summoned), a wraith (summoned), 2 death scarabs, a necrophage (summoned),
a mummy (summoned), a wight (summoned) and a spriggan defender skeleton
(summoned).

Vanquished Creatures
  Cerebov (Pan)
  Antaeus (Coc:7)
  Asmodeus (Geh:7)
  the Royal Jelly (Arena)
  Gloorx Vloq (Pan)
  Ereshkigal (Tar:7)
  Lom Lobon (Pan)
  the Serpent of Hell (Tar:7)
  Mnoleg (Pan)
  Dispater (Dis:7)
  8 dread liches
  Mara (Vaults:2)
  8 ancient liches
  Mennas (Crypt:2)
  A juggernaut (Depths:3)
  19 royal mummies
  Sojobo (Vaults:2)
  Vv (Depths:4)
  21 shard shrikes
  Margery (Vaults:3)
  Bai Suzhen (Swamp:3)
  16 caustic shrikes
  Geryon (Hell)
  2 golden dragons
  8 pandemonium lords (Pan)
  Nikola (Vaults:2)
  Norris (Depths:2)
  Jory (Depths:4)
  6 profane servitors
  19 bone dragons
  12 doom hounds
  21 Tzitzimimeh
  A spectral shard shrike (Tar:3)
  16 Brimstone Fiends
  Jorgrun (Elf:2)
  8 tentacled monstrosities
  5 hellephants
  4 iron giants
  27 Ice Fiends
  29 Hell Sentinels
  Asterion (Vaults:1)
  11 liches
  2 walking crystal tomes
  10 deep elf blademasters
  8 deep elf master archers
  3 quicksilver dragons (Vaults:5)
  29 searing wretches
  12 sphinxes
  17 tainted leviathans
  25 acid blobs
  3 walking frostbound tomes (Pan)
  32 titans
  24 Executioners
  37 ancient champions
  10 tengu reavers
  8 storm dragons
  8 tentacled starspawn
  A thorn hunter (Swamp:3)
  5 shadow dragons
  Donald (Vaults:1)
  33 fire giants
  12 azure jellies
  2 draconian monks
  10 rockslimes
  A fenstrider witch (Swamp:4)
  3 revenants
  33 frost giants
  7 deep elf sorcerers
  A nagaraja (Abyss:5)
  14 quicksilver elementals
  18 narguns
  5 emperor scorpions
  Louise (Depths:2)
  10 iron dragons
  9 shard shrike simulacra
  18 vault wardens
  3 deep elf elementalists
  7 demonspawn warmongers (Pan)
  A draconian stormcaller (Depths:4)
  3 spectral juggernauts
  6 curse skulls
  6 ghost moths
  53 balrugs
  3 spectral caustic shrikes (Depths:4)
  A broodmother (Spider:2)
  18 ironbound preservers
  26 cacodemons
  5 orc warlords
  The ghost of Motium the Unseen, an adept SpEn of Uskayaw (Spider:2)
  26 ghouls
  7 quicksilver oozes
  36 war gargoyles
  The ghost of MirrMurr the Marksspriggan, an adept SpHu of Okawaru (Swamp:1)
  5 formless jellyfish
  A spriggan defender (Depths:3)
  5 draconian annihilators
  A juggernaut skeleton (Crypt:3)
  4 demonspawn blood saints (Pan)
  11 demonspawn corrupters (Pan)
  19 reapers
  4 vampire knights
  6 eleionomae
  24 stone giants
  5 ironbound thunderhulks
  An ophan (Abyss:1)
  7 deep elf demonologists
  19 very ugly things
  A minotaur (Gauntlet)
  A green draconian (Crypt:1)
  7 black draconians
  8 deep elf death magi
  12 lorocyprocas
  2 white draconians
  3 spectral titans
  6 bennus
  15 demonspawn black suns (Pan)
  17 starcursed masses
  8 spark wasps
  The ghost of Geasohic the Cleaver, a journeyman VSSh of Hepliaklqana (Orc:1)
  2 purple draconians
  20 elemental wellsprings
  8 deep elf annihilators
  29 putrid mouths
  A dire elephant (D:15)
  4 red draconians
  5 yellow draconians
  22 wendigos
  5 bunyips
  An ettin (shapeshifter) (Vaults:5)
  25 blizzard demons
  7 crystal guardians
  28 mummy priests
  28 iron golems
  7 ettins
  8 eidola
  19 green deaths
  6 fire dragons
  15 yaktaur captains
  4 deep elf high priests
  A spectral fenstrider witch (Tar:1)
  8 entropy weavers
  A quicksilver dragon skeleton (Vaults:2)
  12 great orbs of eyes
  6 jiangshi
  A shambling mangrove (Swamp:2)
  7 hell beasts
  5 ice dragons
  7 spriggan air magi
  3 spriggan zombies (WizLab)
  36 vault guards
  20 hydras
  11 caustic shrike simulacra
  3 ghost crabs
  6 rakshasas
  7 salamander tyrants
  2 spriggan skeletons
  10 juggernaut simulacra
  4 peacekeepers
  5 jorogumos
  2 catoblepae (D:15)
  7 ironbound frosthearts
  A merfolk avatar (Lair:5)
  8 alligators
  24 stokers
  9 centaur warriors
  2 ogre magi
  5 tengu warriors
  7 boulder beetles
  12 vampire magi
  4 radroaches
  A spectral stone giant (Tar:4)
  4 death knights
  4 deep troll shamans
  46 hell hogs
  13 death yaks
  5 deep troll earth magi
  5 orc high priests (Orc:2)
  3 shock serpents (Pan)
  17 thrashing horrors
  4 two-headed ogres
  25 dancing weapons
  16 death scarabs (Tomb:2)
  35 soul eaters
  2 occultists
  21 deep elf knights
  20 hell knights
  36 demonic crawlers
  4 spectral nagas
  3 spriggan berserkers
  103 sun demons
  6 iron trolls
  14 crystal echidnas
  A titan skeleton (Pan)
  11 spriggans
  29 sixfirhies
  2 fire crabs (Volcano)
  4 goliath frogs
  6 pharaoh ants
  A skyshark (shapeshifter) (Depths:3)
  6 skysharks
  8 wretched stars
  19 shadow wraiths
  2 death drakes
  Lodul (D:14)
  A spatial maelstrom (Abyss:3)
  3 spriggan druids
  30 skeletal warriors
  A spectral bunyip (Tar:2)
  39 deep trolls
  4 quicksilver dragon simulacra
  6 swamp dragons
  6 glowing orange brains
  4 sun moths (Spider:4)
  A cherub (Pan)
  2 sea snakes (Lair:5)
  11 shadow demons
  5 harpies
  2 shadow dragon zombies
  18 deep elf archers
  2 anaconda skeletons (Pan)
  15 orb spiders
  10 ironbound convokers
  9 arcanists
  A bunyip skeleton (Pan)
  12 flayed ghosts
  A spectral hydra (Swamp:1)
  6 spriggan simulacra
  16 bog bodies
  28 phantasmal warriors
  2 obsidian statues
  13 lindwurms
  6 steelbarb worms
  A golden dragon skeleton (Vaults:3)
  62 large abominations
  16 orc knights
  31 deep elf zephyrmancers
  2 jorogumo zombies
  2 tengu zombies (WizLab)
  38 deep elf pyromancers
  2 fenstrider witch simulacra
  7 necromancers
  3 cyclopes
  An oklob plant (Tar:4)
  3 orc sorcerers
  3 spectral spriggans
  20 wolf spiders
  A stone giant zombie (WizLab)
  A tengu skeleton (Vaults:3)
  A frost giant zombie (WizLab)
  4 will-o-the-wisps
  A manticore (shapeshifter) (Depths:3)
  3 manticores
  A spectral merfolk (Tar:2)
  5 shining eyes
  28 ugly things
  4 elephants (Lair:5)
  A fire giant zombie (WizLab)
  3 worldbinders
  A salamander (D:15)
  A spectral alligator snapping turtle (Tar:3)
  10 rust devils
  3 stone giant skeletons
  3 titan simulacra
  2 guardian serpents
  7 moths of wrath
  3 kobold blastminers
  A water nymph (shapeshifter) (Vaults:5)
  5 black mambas
  An eleionoma skeleton (Crypt:1)
  22 vault sentinels
  2 human skeletons (Vaults:2)
  A demonspawn zombie (WizLab)
  6 torpor snails
  A black mamba (shapeshifter) (Elf:2)
  6 molten gargoyles (Hell)
  4 gargoyles (Crypt:3)
  10 ice statues
  35 orange demons
  3 eyes of devastation
  2 centaur skeletons
  46 smoke demons
  A yaktaur zombie (Vaults:3)
  2 dire elephant skeletons
  7 rime drakes
  12 komodo dragons
  10 cane toads
  31 tormentors
  A komodo dragon (shapeshifter) (Vaults:5)
  3 tengu conjurers
  2 unseen horrors
  3 iron giant simulacra
  28 freezing wraiths
  48 hellions
  12 anaconda simulacra
  9 efreet
  62 yaktaurs
  29 guardian mummies
  12 ice devils
  10 red devils
  5 golden dragon simulacra
  A sea snake skeleton (Crypt:2)
  A hydra zombie (Crypt:1)
  4 ancient zymes
  2 silent spectres
  A wind drake (Lair:5)
  6 polar bears
  2 bloated husks
  20 hellwings
  A queen bee (Lair:5)
  24 tarantellas
  2 spectral harpies
  13 meliai
  5 trolls
  19 hornets
  13 tyrant leeches
  2 alligator simulacra
  12 raiju
  18 blink frogs
  5 glass eyes
  An ettin zombie (Vaults:3)
  A harpy skeleton (Crypt:1)
  A snapping turtle (shapeshifter) (Vaults:5)
  3 dream sheep (Lair:4)
  5 iron dragon simulacra
  A snapping turtle (Lair:5)
  A guardian serpent zombie (Crypt:1)
  An air elemental (Elf:3)
  30 jumping spiders
  34 flying skulls
  10 shadows
  26 culicivoras
  89 slime creatures
  A stone giant simulacrum (Coc:7)
  54 yaks
  4 water elementals
  7 wyverns
  A jumping spider (shapeshifter) (Depths:4)
  A vampire (Abyss:3)
  A culicivora (shapeshifter) (Depths:3)
  A spriggan (shapeshifter) (D:15)
  2 elf zombies
  15 small abominations
  10 wraiths
  27 ynoxinuls
  A hog (shapeshifter) (D:14)
  9 ushabtiu
  3 naga simulacra
  15 fire bats
  10 dire elephant simulacra
  4 fire elementals
  4 wargs
  A tyrant leech zombie (Crypt:2)
  17 golden eyes
  4 basilisks
  58 redbacks
  2 minotaur simulacra (IceCv)
  38 neqoxecs
  9 steam dragons
  An alligator snapping turtle simulacrum (Coc:1)
  18 vampire mosquitoes
  29 chaos spawn
  A yaktaur simulacrum (Vaults:3)
  15 swamp worms
  23 harpy simulacra
  5 hydra simulacra
  2 acid dragons
  7 hell hounds
  A two-headed ogre skeleton (Crypt:1)
  22 water moccasins
  4 black bears
  A naga skeleton (Crypt:3)
  A sky beast (Abyss:1)
  A cane toad skeleton (Crypt:2)
  A dream sheep zombie (Crypt:2)
  Duvessa (D:5)
  30 orc warriors
  A swamp drake (Swamp:3)
  3 ice beasts
  An ice beast (shapeshifter) (D:13)
  7 ettin simulacra
  A blink frog zombie (Crypt:1)
  12 ogres
  12 centaurs
  An elephant skeleton (Crypt:1)
  4 wolves (Lair:4)
  3 phantoms
  2 kobold brigands (D:10)
  2 human zombies
  14 bullfrogs
  3 brain worms
  An earth elemental (Abyss:3)
  2 gnoll sergeants
  A scorpion (D:7)
  A deep troll simulacrum (IceCv)
  2 necrophages
  5 wights
  Dowan (D:5)
  8 lindwurm simulacra (IceCv)
  20 killer bees (Lair:5)
  4 howler monkeys
  2 electric eels
  12 crimson imps
  A quasit (Abyss:3)
  27 orc priests
  5 jellies
  4 hounds
  4 iron imps
  A scorpion zombie (Crypt:2)
  Jessica (D:2)
  2 sleepcaps (D:6)
  6 iguanas
  13 orc wizards
  11 hell rats
  An acid dragon skeleton (Crypt:2)
  A crocodile skeleton (Crypt:1)
  A hound zombie (Crypt:2)
  57 mummies
  Robin (D:2)
  7 gnolls
  11 adders
  3 shadow imps
  6 white imps
  7 ufetubi
  A dart slug (D:1)
  70 orcs
  3 endoplasms
  3 giant cockroaches
  17 goblins
  13 hobgoblins
  3 jackals (D:5)
  3 quokkas
  4 ball pythons
  2 bats
  9 frilled lizards
  19 kobolds
  3 rats
  A ball lightning (Pan)
  7 creeping infernos
  17 fire vortices
  A lurking horror (Abyss:5)
  3 spectral weapons
  13 starspawn tentacles
4292 creatures vanquished.

Vanquished Creatures (collateral kills)
  2 Ice Fiends
  A nargun (Coc:4)
  A frost giant (Coc:4)
  An elemental wellspring (Coc:4)
  2 deep elf annihilators (Pan)
  An iron giant simulacrum (Coc:4)
  A dire elephant simulacrum (Coc:4)
9 creatures vanquished.

Vanquished Creatures (others)
  A searing wretch (Geh:5)
  4 fire giants
  A nargun (Coc:4)
  A death knight (Crypt:1)
  A stoker (Geh:7)
  A bog body (IceCv)
  A deep elf archer (Elf:2)
  3 spriggan simulacra
  2 deep elf zephyrmancers (Elf:1)
  A smoke demon (Pan)
  2 titan simulacra (Coc:3)
  3 anaconda simulacra
  An iron giant simulacrum (Coc:3)
  A tormentor (Coc:4)
  A golden dragon simulacrum (Coc:2)
  A troll (shapeshifter) (Depths:4)
  A bloated husk (Swamp:3)
  A tyrant leech (Swamp:1)
  A hellwing (Pan)
  A ynoxinul (Pan)
  A naga simulacrum (Coc:2)
  A water elemental (Elf:2)
  A fire bat (Volcano)
  An alligator snapping turtle simulacrum (Coc:2)
  2 harpy simulacra
  2 ettin simulacra (Coc:2)
  5 ball lightnings (Pan)
  A creeping inferno (Geh:7)
  A fire vortex (Geh:6)
  12 foxfires
  A lurking horror (Abyss:5)
  21 starspawn tentacles
78 creatures vanquished.

Grand Total: 4379 creatures vanquished

Notes
Turn   | Place    | Note
-------+----------+-------------------------------------------
     0 | D:1      | Takeo the Hill Orc Fighter began the quest for the Orb.
     0 | D:1      | Reached XP level 1. HP: 19/19 MP: 1/1
   143 | D:1      | Reached XP level 2. HP: 27/27 MP: 2/2
   715 | D:2      | Reached XP level 3. HP: 33/33 MP: 3/3
   882 | D:2      | Noticed Robin
   890 | D:2      | Killed Robin
   891 | D:2      | Reached XP level 4. HP: 24/41 MP: 4/4
  1098 | D:2      | Noticed Jessica
  1105 | D:2      | Killed Jessica
  1114 | D:2      | Reached XP level 5. HP: 40/47 MP: 5/5
  1527 | D:2      | Reached skill level 5 in Fighting
  1730 | D:3      | Found a faded altar of an unknown god.
  1854 | D:3      | Found an iron altar of Okawaru.
  1862 | D:3      | Became a worshipper of Warmaster Okawaru
  1880 | D:3      | Found a white marble altar of Elyvilon.
  1892 | D:3      | Reached skill level 5 in Axes
  1898 | D:3      | Reached XP level 6. HP: 41/56 MP: 6/6
  2260 | D:4      | Reached skill level 1 in Invocations
  2818 | D:4      | Identified a scroll of acquirement
  2818 | D:4      | Acquired the +3 pair of gauntlets of War {Slay+5}
  2818 | D:4      | Found the +3 pair of gauntlets of War {Slay+5}
  3152 | D:5      | Entered Level 5 of the Dungeon
  3169 | D:5      | Reached * piety under Okawaru
  3305 | D:5      | Reached XP level 7. HP: 62/62 MP: 8/8
  3511 | D:5      | Noticed Duvessa
  3512 | D:5      | Noticed Dowan
  3523 | D:5      | Killed Duvessa
  3532 | D:5      | Killed Dowan
  3561 | D:5      | Reached skill level 5 in Armour
  3631 | D:5      | Reached XP level 8. HP: 62/71 MP: 10/10
  3730 | D:5      | Found a bloodstained altar of Trog.
  4057 | D:6      | Reached skill level 5 in Shields
  4137 | D:6      | Reached ** piety under Okawaru
  4759 | D:7      | You fall into a shaft and drop 3 floors!
  4759 | D:10     | Entered Level 10 of the Dungeon
  4780 | D:10     | Noticed a yak
  4780 | D:10     | Noticed a yak
  4780 | D:10     | Noticed a yak
  4781 | D:10     | Noticed a yak
  4797 | D:10     | Noticed a yak
  4798 | D:10     | Noticed a yak
  4798 | D:10     | Noticed a yak
  4798 | D:10     | Noticed a yak
  4798 | D:10     | Noticed a yak
  4905 | D:9      | Reached XP level 9. HP: 81/81 MP: 12/12
  4981 | D:8      | Found a shimmering altar of Xom.
  4989 | D:8      | Reached *** piety under Okawaru
  5085 | D:8      | Reached skill level 5 in Invocations
  5210 | D:8      | Noticed a manticore
  5231 | D:8      | Killed a manticore
  5232 | D:8      | Reached skill level 10 in Axes
  5335 | D:8      | Reached XP level 10. HP: 79/92 MP: 14/14
  5387 | D:8      | Reached **** piety under Okawaru
  5655 | D:9      | Reached skill level 10 in Fighting
  5689 | D:9      | Found a staircase to the Lair.
  5896 | D:9      | Found a sparkling altar of Nemelex Xobeh.
  6153 | D:9      | Noticed a two-headed ogre
  6161 | D:9      | Killed a two-headed ogre
  6327 | D:9      | Found Zeappeom's Distillery.
  6576 | D:7      | Found a staircase to the Ecumenical Temple.
  6717 | D:7      | Reached ***** piety under Okawaru
  7031 | D:7      | Reached XP level 11. HP: 34/102 MP: 16/16
  7334 | D:10     | Noticed a two-headed ogre
  7343 | D:10     | Killed a two-headed ogre
  7347 | D:10     | Received a gift from Okawaru
  7806 | D:11     | Found a portal to a secret trove of treasure.
  7861 | D:11     | Found a gate leading to a gauntlet.
  7866 | Gauntlet | Entered a Gauntlet
  7866 | Gauntlet | Found a transporter.
  7866 | Gauntlet | Found a transporter.
  7881 | Gauntlet | Found a transporter.
  7885 | Gauntlet | Found a transporter.
  7894 | Gauntlet | Found a transporter.
  7897 | Gauntlet | Found a transporter.
  7901 | Gauntlet | Noticed a balrug
  7905 | Gauntlet | Found a transporter.
  7923 | Gauntlet | Found a runed translucent gate.
  7924 | Gauntlet | Found a transporter.
  7924 | Gauntlet | Found a runed translucent gate.
  7925 | Gauntlet | Found a runed translucent gate.
  7926 | Gauntlet | Noticed a blizzard demon
  7941 | Gauntlet | Found a transporter.
  7945 | Gauntlet | Found a transporter.
  7953 | Gauntlet | Found a transporter.
  7957 | Gauntlet | Found a transporter.
  8003 | Gauntlet | Identified the +0 chain mail of Ignis's Generosity {rF+ rN+
                  | rCorr Dex-2}
  8044 | Gauntlet | Received a gift from Okawaru
  8117 | Gauntlet | Killed a blizzard demon
  8124 | Gauntlet | Identified the +3 plate armour of Yredelemnul's Envy
                  | {+Blink Int+2}
  8127 | Gauntlet | Identified the +0 pair of boots of Hopscotch {Will- Int+7
                  | Dex+5}
  8154 | Gauntlet | Identified the ring of Duny {rF+ Int+6 SInv}
  8154 | Gauntlet | Noticed a minotaur
  8174 | Gauntlet | Killed a minotaur
  8371 | D:11     | Found a glowing silver altar of Zin.
  8380 | D:11     | Noticed a manticore
  8388 | D:11     | Killed a manticore
  8462 | D:11     | Found a staircase to the Orcish Mines.
  8483 | D:11     | Reached XP level 12. HP: 35/113 MP: 18/18
  8978 | D:11     | Noticed a centaur warrior
  8991 | D:11     | Killed a centaur warrior
  8991 | D:11     | Received a gift from Okawaru
  9795 | D:12     | Acquired 849 gold pieces
 10247 | D:12     | Reached skill level 1 in Evocations
 10414 | D:13     | Noticed a six-headed hydra
 10418 | D:13     | Killed a six-headed hydra
 10421 | D:13     | Noticed a vault guard
 10422 | D:13     | Noticed a vault guard
 10427 | D:13     | Noticed a vault guard
 10440 | D:13     | Killed a vault guard
 10443 | D:13     | Noticed a vault guard
 10448 | D:13     | Killed a vault guard
 10448 | D:13     | Noticed a vault guard
 10454 | D:13     | Killed a vault guard
 10464 | D:13     | Killed a vault guard
 10478 | D:13     | Killed a vault guard
 10504 | D:13     | Noticed a vault guard
 10518 | D:13     | Killed a vault guard
 10540 | D:13     | Found a gate to the Vaults.
 10547 | D:13     | Noticed a vault guard
 10559 | D:13     | Killed a vault guard
 10669 | D:13     | Noticed a vault guard
 10681 | D:13     | Killed a vault guard
 10682 | D:13     | Reached XP level 13. HP: 117/123 MP: 18/20
 10697 | D:13     | Found an opulent altar of Gozag.
 10768 | D:13     | Reached skill level 10 in Invocations
 10782 | D:13     | Received a gift from Okawaru
 10787 | D:13     | Reached skill level 15 in Axes
 10945 | D:13     | Reached skill level 10 in Armour
 11200 | D:14     | Found a bloodstained altar of Trog.
 11586 | D:14     | Reached skill level 5 in Evocations
 11807 | D:14     | Noticed Lodul
 11811 | D:14     | Reached skill level 10 in Shields
 11831 | D:14     | Killed Lodul
 11843 | D:14     | Found Amuufuse's Antique Armour Shoppe.
 11851 | D:14     | Bought an embroidered cloak for 255 gold pieces
 11861 | D:14     | Bought a translucent chain mail for 323 gold pieces
 11861 | D:14     | Identified the +2 chain mail "Otoblyun" {+Inv rF+++ rC-
                  | Stlth+} (You bought it in a shop on level 14 of the
                  | Dungeon)
 12032 | D:15     | Entered Level 15 of the Dungeon
 12226 | D:15     | Found a staircase to the Depths.
 12226 | D:15     | Noticed a dire elephant
 12237 | D:15     | Noticed a brown very ugly thing
 12259 | D:15     | Killed a dire elephant
 12259 | D:15     | Received a gift from Okawaru
 12262 | D:15     | Killed a brown very ugly thing
 12837 | D:15     | Reached skill level 15 in Fighting
 13460 | Lair:1   | Entered Level 1 of the Lair of Beasts
 13507 | Lair:1   | Reached XP level 14. HP: 135/135 MP: 22/22
 14309 | Lair:2   | Received a gift from Okawaru
 14416 | Lair:2   | Found a hole to the Spider Nest.
 14599 | Lair:2   | Received a gift from Okawaru
 14796 | Lair:2   | Found a staircase to the Swamp.
 15402 | Lair:3   | Received a gift from Okawaru
 16459 | Lair:4   | Reached XP level 15. HP: 122/145 MP: 22/24
 16463 | Lair:4   | Received a gift from Okawaru
 16481 | Lair:4   | Found a dark tunnel.
 16504 | Volcano  | Entered a volcano
 16548 | Volcano  | Found a large runed translucent door.
 16550 | Volcano  | Found a large runed translucent door.
 16562 | Volcano  | Reached ****** piety under Okawaru
 16595 | Volcano  | Found a large runed translucent door.
 16596 | Volcano  | Found a large runed translucent door.
 16601 | Volcano  | Found a large runed translucent door.
 16616 | Volcano  | Found a large runed translucent door.
 16628 | Volcano  | Found a large runed translucent door.
 16628 | Volcano  | Found a large runed translucent door.
 16659 | Volcano  | Found a large runed translucent door.
 16659 | Volcano  | Found a large runed translucent door.
 16691 | Volcano  | Found a large runed translucent door.
 16691 | Volcano  | Found a large runed translucent door.
 16694 | Volcano  | Found a large runed translucent door.
 16694 | Volcano  | Found a large runed translucent door.
 16734 | Volcano  | Found a large runed translucent door.
 16755 | Volcano  | Found a large runed translucent door.
 16777 | Volcano  | Found a large runed translucent door.
 16777 | Volcano  | Found a large runed translucent door.
 17016 | Lair:4   | Identified the +1 pair of gloves of Misanthropy {Harm rC+
                  | Int-3 Dex+3}
 17261 | Lair:4   | Received a gift from Okawaru
 17269 | Lair:4   | Found the +3 pair of seven-league boots {Rampage+∞}
 17750 | Lair:4   | Found a staircase to the Slime Pits.
 17874 | Lair:5   | Entered Level 5 of the Lair of Beasts
 17967 | Lair:5   | Received a gift from Okawaru
 18281 | Lair:5   | Received a gift from Okawaru
 18857 | Orc:1    | Entered Level 1 of the Orcish Mines
 18921 | Orc:1    | Noticed an orc warlord
 18922 | Orc:1    | Noticed Geasohic's ghost (journeyman VSSh)
 18987 | Orc:1    | Reached XP level 16. HP: 157/157 MP: 26/26
 19127 | Orc:1    | You fall into a shaft and drop 1 floor!
 19127 | Orc:2    | Entered Level 2 of the Orcish Mines
 19127 | Orc:2    | Found a staircase to the Elven Halls.
 19402 | Orc:2    | Received a gift from Okawaru
 19588 | Orc:2    | Found Onnokkod's Distillery.
 19588 | Orc:2    | Found Awnaiz's Assorted Antiques.
 19589 | Orc:2    | Found Buuf's Magic Scroll Emporium.
 19589 | Orc:2    | Found Mizelots's General Store.
 19600 | Orc:2    | Bought a scroll of acquirement for 1352 gold pieces
 19600 | Orc:2    | Acquired a +0 broad axe of electrocution
 19899 | Orc:1    | Found a transporter.
 19950 | Orc:1    | Found a transporter.
 20314 | Orc:1    | Found a one-way gate to the infinite horrors of the Abyss.
 20335 | Orc:1    | Killed Geasohic's ghost
 20335 | Orc:1    | Received a gift from Okawaru
 20404 | Orc:1    | Identified the staff of the Foot {rPois rN+ Necro}
 20565 | Spider:1 | Entered Level 1 of the Spider Nest
 20653 | Spider:1 | Acquired a +6 broad axe of freezing
 20654 | Spider:1 | Acquired 361 gold pieces
 20662 | Spider:1 | Acquired the amulet "Cifokod" {Reflect rF++ Dex+3 SH+5}
 20969 | Spider:1 | Received a gift from Okawaru
 22091 | Spider:2 | Received a gift from Okawaru
 22092 | Spider:2 | Reached XP level 17. HP: 103/168 MP: 27/27
 23324 | Spider:2 | Noticed Motium's ghost (adept SpEn)
 23326 | Spider:2 | Found a runed translucent gate.
 23330 | Spider:2 | Found a runed translucent gate.
 23330 | Spider:2 | Found a runed translucent gate.
 23478 | Spider:2 | Received a gift from Okawaru
 23486 | Spider:2 | Killed Motium's ghost
 23653 | Spider:3 | Acquired the +4 consecrated labrys {holy, Valiant ^Fragile
                  | Fly SInv}
 23653 | Spider:3 | Received a gift from Okawaru
 23653 | Spider:3 | Found the +4 consecrated labrys {holy, Valiant ^Fragile Fly
                  | SInv}
 23657 | Spider:3 | Acquired the +10 crystal plate armour "Put-Me-On" {Dex+2}
 23657 | Spider:3 | Received a gift from Okawaru
 23901 | Spider:3 | Reached skill level 15 in Invocations
 23903 | Spider:3 | Received a gift from Okawaru
 24508 | Spider:4 | Entered Level 4 of the Spider Nest
 24516 | Spider:4 | Paralysed by a jorogumo for 2 turns
 24773 | Spider:4 | Received a gift from Okawaru
 24977 | Spider:4 | Identified the +4 leather armour of the Stag {rF+ rN+
                  | Int+2}
 25000 | Spider:4 | Reached XP level 18. HP: 172/178 MP: 29/29
 25376 | Spider:4 | Received a gift from Okawaru
 25484 | Spider:4 | Found the -2 hat of the Alchemist {rElec rPois rF+ rC+ rN+
                  | Will+ rMut rCorr}
 25641 | Spider:4 | Got a gossamer rune of Zot
 25756 | Swamp:1  | Entered Level 1 of the Swamp
 26235 | Swamp:1  | Found a transporter.
 26238 | Swamp:1  | Noticed MirrMurr's ghost (adept SpHu)
 26254 | Swamp:1  | Found a transporter.
 26457 | Swamp:1  | Received a gift from Okawaru
 26457 | Swamp:1  | Killed MirrMurr's ghost
 26506 | Swamp:1  | Identified the +4 long sword of the Scorpion {antimagic,
                  | Will+ Int+3}
 27119 | Swamp:2  | Received a gift from Okawaru
 27278 | Swamp:3  | Reached skill level 15 in Armour
 27614 | Swamp:3  | Noticed Bai Suzhen
 27629 | Swamp:3  | Killed Bai Suzhen
 27881 | Swamp:3  | Reached skill level 15 in Shields
 27881 | Swamp:3  | Reached XP level 19. HP: 82/190 MP: 29/31
 28148 | Swamp:3  | Acquired the ring "Wujypy" {rN++ rCorr AC+4}
 28242 | Swamp:4  | Entered Level 4 of the Swamp
 28576 | Swamp:4  | Received a gift from Okawaru
 29347 | Swamp:4  | Got a decaying rune of Zot
 29414 | Swamp:4  | Received a gift from Okawaru
 29610 | Slime:1  | Entered Level 1 of the Pits of Slime
 30320 | Slime:2  | Gained mutation: You are clumsy. (Dex -2) [a shining eye]
 30321 | Slime:2  | Gained mutation: You sometimes lose your temper in combat.
                  | [a shining eye]
 30339 | Slime:2  | Gained mutation: You are robust. (+10% HP) [a shining eye]
 30823 | Slime:3  | Received a gift from Okawaru
 31132 | Slime:4  | Reached XP level 20. HP: 166/220 MP: 30/33
 31520 | Slime:5  | Entered Level 5 of the Pits of Slime
 31532 | Slime:5  | Noticed the Royal Jelly
 32655 | Slime:5  | Received a gift from Okawaru
 32789 | Slime:5  | Found a viscous altar of Jiyva.
 32797 | Slime:5  | Gained mutation: Your spells are a little easier to cast,
                  | but a little less powerful. [a shining eye]
 32797 | Slime:5  | Gained mutation: Your body sometimes deteriorates upon
                  | taking damage. [a shining eye]
 32801 | Slime:5  | Gained mutation: You occasionally lose the ability to drink
                  | potions when taking damage. [a shining eye]
 33047 | Arena    | Entered the Arena
 33059 | Arena    | Killed the Royal Jelly
 33117 | Slime:5  | Got a slimy rune of Zot
 33137 | Slime:5  | Identified the staff of the Ubiquitous God {rN+ Int+8
                  | Necro}
 33141 | Slime:5  | Identified the ring of Terra Nullius {rC+ Int-2 Dex+2
                  | Slay+2 SInv}
 33172 | Slime:5  | Got the Cyclopedia of Frigorific Exhalation
 33233 | Slime:5  | Identified the ring "Hiafae" {Fire Str-4 Slay+2 Stlth+}
 33273 | Slime:5  | Identified the +5 short sword of the Pariah {flame, rPois
                  | Will+ rCorr Int+5}
 33470 | Slime:5  | Lost mutation: You are clumsy. (Dex -2) [potion of
                  | mutation]
 33470 | Slime:5  | Lost mutation: Your spells are a little easier to cast, but
                  | a little less powerful. [potion of mutation]
 33470 | Slime:5  | Gained mutation: Your body often deteriorates upon taking
                  | damage. [potion of mutation]
 33471 | Slime:5  | Lost mutation: You sometimes lose your temper in combat.
                  | [potion of mutation]
 33471 | Slime:5  | Lost mutation: You occasionally lose the ability to drink
                  | potions when taking damage. [potion of mutation]
 33471 | Slime:5  | Lost mutation: Your body often deteriorates upon taking
                  | damage. [potion of mutation]
 33472 | Slime:5  | Lost mutation: You are robust. (+10% HP) [potion of
                  | mutation]
 33472 | Slime:5  | Lost mutation: Your body sometimes deteriorates upon taking
                  | damage. [potion of mutation]
 33472 | Slime:5  | Gained mutation: You have large cloven feet. [potion of
                  | mutation]
 33796 | Elf:1    | Entered Level 1 of the Elven Halls
 34037 | Elf:1    | Received a gift from Okawaru
 34288 | Elf:1    | Found a huge runed translucent gate.
 34289 | Elf:1    | Found a huge runed translucent gate.
 34289 | Elf:1    | Found a huge runed translucent gate.
 34290 | Elf:1    | Found a huge runed translucent gate.
 34291 | Elf:1    | Found a huge runed translucent gate.
 34291 | Elf:1    | Found a huge runed translucent gate.
 34291 | Elf:1    | Found a huge runed translucent gate.
 34292 | Elf:1    | Found a huge runed translucent gate.
 34624 | Elf:1    | Found Kius's Weapon Shoppe.
 34814 | Elf:1    | Identified the +1 ring mail of Ru's Envy {rCorr}
 34859 | Elf:2    | Found a frozen archway.
 34929 | Elf:2    | Received a gift from Okawaru
 34958 | Elf:2    | Found a flickering gateway to a bazaar.
 34965 | Elf:2    | Acquired 377 gold pieces
 34983 | Bazaar   | Entered a bazaar
 34985 | Bazaar   | Found Hetseih's Weapon Boutique.
 34989 | Bazaar   | Found Fugradif's Assorted Antiques.
 34989 | Bazaar   | Found Waschod's Book Boutique.
 34990 | Bazaar   | Found Qoikhlas's Weapon Boutique.
 35006 | Bazaar   | Bought a manual of Armour for 960 gold pieces
 35088 | IceCv    | Entered an ice cave
 35163 | IceCv    | Found an ancient bone altar of Kikubaaqudgha.
 35445 | IceCv    | Got the Textbook on Ghastly Frost
 35496 | IceCv    | Reached XP level 21. HP: 207/207 MP: 35/35
 35555 | IceCv    | Received a gift from Okawaru
 35773 | Elf:2    | Found a runed translucent gate.
 35773 | Elf:2    | Found a runed translucent gate.
 35773 | Elf:2    | Found a runed translucent gate.
 35961 | Elf:2    | Found Puw Yzoh's Armour Emporium.
 36264 | Elf:2    | Noticed Jorgrun
 36276 | Elf:2    | Killed Jorgrun
 36365 | Elf:2    | Received a gift from Okawaru
 36538 | Elf:3    | Entered Level 3 of the Elven Halls
 36555 | Elf:3    | Found Bos Hiwk's Distillery.
 36811 | Elf:3    | Received a gift from Okawaru
 36827 | Elf:3    | Found a magical portal.
 36836 | WizLab   | Entered Doroklohe's Tomb
 37003 | WizLab   | Noticed a dread lich
 37013 | Arena    | Entered the Arena
 37017 | Arena    | Killed a dread lich
 37044 | Arena    | Entered the Arena
 37073 | Arena    | Entered the Arena
 37641 | Elf:3    | Received a gift from Okawaru
 37684 | Elf:3    | Identified the +6 quarterstaff "Pozxay" {freeze, Dex+4}
 37708 | Elf:3    | Identified the ring of the Bruised Heavens {Wiz rElec rCorr
                  | Str+2}
 37708 | Elf:3    | Identified the +6 short sword of Rotation {spect, Str+2}
 37821 | Elf:3    | Identified the +2 dagger "Fefreuf" {vamp, rPois rCorr Str-3
                  | SInv}
 37841 | Elf:3    | Identified the staff "Ypyfucki" {rC+ Str+3 Ice Air}
 37844 | Elf:3    | Got Inenaf's Advanced Spellcasting
 37845 | Elf:3    | Identified the +8 falchion of Fate {protect, Int+3}
 37849 | Elf:3    | Got Qaosu's Discourse on Spatial Sculpting
 37977 | Elf:3    | Identified the ring of Vixor {rElec rF- rC+ rCorr}
 38559 | Vaults:1 | Entered Level 1 of the Vaults
 38576 | Vaults:1 | Reached XP level 22. HP: 215/215 MP: 36/36
 38644 | Vaults:1 | Found Otairi's Assorted Antiques.
 38660 | Vaults:1 | Bought a scroll of blinking for 277 gold pieces
 38662 | Vaults:1 | Found Ehauxuek's Book Shoppe.
 38699 | Vaults:1 | Found Kaeski's Weapon Shoppe.
 38803 | Vaults:1 | Noticed Donald
 38806 | Vaults:1 | Noticed Asterion
 38818 | Vaults:1 | Received a gift from Okawaru
 38828 | Vaults:1 | Killed Asterion
 38831 | Vaults:1 | Killed Donald
 39770 | Vaults:2 | Noticed Mara
 39781 | Vaults:2 | Killed Mara
 39895 | Vaults:2 | Received a gift from Okawaru
 40046 | Vaults:2 | Noticed Sojobo
 40056 | Vaults:2 | Killed Sojobo
 40337 | Vaults:2 | Received a gift from Okawaru
 40434 | Vaults:2 | Found a staircase to the Crypt.
 40930 | Vaults:2 | Identified the +1 pair of gloves of Lugonu's Condemnation
                  | {Rampage Will- Str+3 Dex+2}
 40930 | Vaults:2 | Noticed Nikola
 40942 | Vaults:2 | Killed Nikola
 41446 | Vaults:3 | Received a gift from Okawaru
 41609 | Vaults:3 | Reached XP level 23. HP: 192/223 MP: 38/38
 41852 | Vaults:3 | Received a gift from Okawaru
 42328 | Vaults:3 | Noticed Margery
 42345 | Vaults:3 | Killed Margery
 42660 | Vaults:3 | Noticed an ancient lich
 42665 | Vaults:3 | Killed an ancient lich
 42665 | Vaults:3 | Received a gift from Okawaru
 42714 | Vaults:3 | Identified the amulet of Ocisoom {Spirit ^Contam rPois
                  | Str+4}
 42734 | Vaults:3 | Got the Monograph on Spellbinding Variation
 42737 | Vaults:3 | Identified the +1 chain mail of Muump {rC+ rCorr}
 42988 | Vaults:4 | Found Suosat's Antique Armour Emporium.
 43436 | Vaults:4 | Identified the +7 chain mail of Ogemog Byca {Harm}
 43522 | Vaults:4 | Found Ossioga's Assorted Antiques.
 43653 | Vaults:4 | Found Givval's Armour Shoppe.
 43740 | Vaults:4 | Received a gift from Okawaru
 44362 | Vaults:5 | Entered Level 5 of the Vaults
 44379 | Vaults:5 | Received a gift from Okawaru
 44386 | Vaults:5 | Reached XP level 24. HP: 178/231 MP: 36/40
 44392 | Vaults:5 | Reached skill level 27 in Invocations
 44394 | Vaults:5 | Reached skill level 1 in Dodging
 44420 | Vaults:5 | Noticed a dread lich
 44438 | Vaults:5 | Killed a dread lich
 44465 | Vaults:5 | Noticed an ancient lich
 44469 | Vaults:5 | Reached skill level 5 in Dodging
 44476 | Vaults:5 | Killed an ancient lich
 44762 | Vaults:5 | Identified the +6 spear of the Sun {holy, Will+}
 44791 | Vaults:5 | Received a gift from Okawaru
 44839 | Vaults:5 | Identified the ring "Vunaq" {Will+ Str+3 Int-5 SInv}
 44846 | Vaults:5 | Noticed a dread lich
 44853 | Vaults:5 | Killed a dread lich
 45075 | Vaults:5 | Found the +8 mithril axe "Arga" {speed, Will+}
 45076 | Vaults:5 | Found the +10 tower shield of Ignorance {rN+ Int-4}
 45147 | Vaults:5 | Received a gift from Okawaru
 45174 | Vaults:5 | Identified the +7 double sword of Kuffottet {speed, *Rage
                  | Str+4 Stlth+}
 45442 | Vaults:5 | Got a silver rune of Zot
 46320 | Depths:1 | Entered Level 1 of the Depths
 46342 | Depths:1 | Reached skill level 10 in Dodging
 46559 | Depths:1 | Found a one-way gateway to a ziggurat.
 46559 | Depths:1 | Noticed an ancient lich
 46559 | Depths:1 | Noticed a dread lich
 46559 | Depths:1 | Noticed an ancient lich
 46566 | Depths:1 | Killed a dread lich
 46571 | Depths:1 | Killed an ancient lich
 46573 | Depths:1 | Killed an ancient lich
 46573 | Depths:1 | Received a gift from Okawaru
 46676 | Depths:1 | Found a blossoming altar of Fedhas.
 46945 | Depths:1 | Reached XP level 25. HP: 238/238 MP: 40/40
 47308 | Depths:1 | Found a gateway to Hell.
 47509 | Depths:2 | Noticed Louise
 47525 | Depths:2 | Killed Louise
 47568 | Depths:2 | Found a one-way gate leading to the halls of Pandemonium.
 47636 | Depths:2 | Noticed Norris
 47648 | Depths:2 | Killed Norris
 47983 | Depths:2 | Found Detiff's Antique Armour Shop.
 48327 | Depths:3 | Received a gift from Okawaru
 48364 | Depths:3 | Identified the +5 executioner's axe of Uskayaw's
                  | Indignation {holy, Str+3 Dex+4}
 48370 | Depths:3 | Noticed a juggernaut
 48386 | Depths:3 | Killed a juggernaut
 48417 | Depths:3 | Received a gift from Okawaru
 48624 | Depths:3 | Identified the +0 leather armour of the Kangaroo {rElec
                  | Regen+ Int+3 Dex-5}
 48663 | Depths:3 | Identified the +0 leather armour of the Onion {Int+2
                  | Stlth+}
 49472 | Depths:4 | Entered Level 4 of the Depths
 49604 | Depths:4 | Reached skill level 15 in Dodging
 49617 | Depths:4 | Received a gift from Okawaru
 49918 | Depths:4 | Noticed Jory
 49923 | Depths:4 | Killed Jory
 49936 | Depths:4 | Noticed Vv
 49971 | Depths:4 | Killed Vv
 49985 | Depths:4 | Found a gate to the Realm of Zot.
 50856 | Elf:3    | Bought a potion of heal wounds for 55 gold pieces
 50856 | Elf:3    | Bought a potion of curing for 33 gold pieces
 50856 | Elf:3    | Bought a potion of invisibility for 88 gold pieces
 50856 | Elf:3    | Bought a potion of ambrosia for 88 gold pieces
 50856 | Elf:3    | Bought 2 potions of might for 88 gold pieces
 50978 | Orc:2    | Bought a potion of heal wounds for 70 gold pieces
 50978 | Orc:2    | Bought a potion of haste for 140 gold pieces
 50978 | Orc:2    | Bought 2 potions of mutation for 224 gold pieces
 50978 | Orc:2    | Bought a potion of curing for 42 gold pieces
 50978 | Orc:2    | Bought a potion of curing for 42 gold pieces
 50978 | Orc:2    | Bought a potion of curing for 42 gold pieces
 50978 | Orc:2    | Bought a potion of heal wounds for 70 gold pieces
 50982 | Orc:2    | Bought a condenser vane for 1040 gold pieces
 50982 | Orc:2    | Bought a wand of quicksilver (5) for 546 gold pieces
 50982 | Orc:2    | Bought a scroll of fear for 104 gold pieces
 51292 | Vaults:4 | Bought a wand of flame (6) for 147 gold pieces
 51292 | Vaults:4 | Bought a scroll of teleportation for 105 gold pieces
 51292 | Vaults:4 | Bought a potion of heal wounds for 175 gold pieces
 51292 | Vaults:4 | Bought a wand of polymorph (2) for 98 gold pieces
 51292 | Vaults:4 | Bought a potion of curing for 105 gold pieces
 51638 | Orc:2    | Bought a scroll of fear for 52 gold pieces
 51638 | Orc:2    | Bought 2 scrolls of poison for 104 gold pieces
 51638 | Orc:2    | Bought a scroll of teleportation for 39 gold pieces
 51638 | Orc:2    | Bought a scroll of teleportation for 39 gold pieces
 51779 | D:11     | You paid a toll of 16 scrolls of teleportation to enter a
                  | treasure trove
 51780 | Trove    | Entered a treasure trove
 51810 | Trove    | Acquired 603 gold pieces
 51813 | Trove    | Acquired 508 gold pieces
 52028 | Hell     | Entered the Vestibule of Hell
 52028 | Hell     | Noticed Geryon
 52040 | Hell     | Reached XP level 26. HP: 246/246 MP: 40/40
 52065 | Hell     | Killed Geryon
 52067 | Hell     | Found a gateway to the freezing wastes of Cocytus.
 52109 | Hell     | Received a gift from Okawaru
 52188 | Hell     | Found a gateway to the ashen valley of Gehenna.
 52408 | Hell     | Found a gateway to the decaying netherworld of Tartarus.
 52700 | Hell     | Found a gateway to the Iron City of Dis.
 52924 | Depths:1 | Voluntarily entered the Abyss.
 52924 | Abyss:1  | Found a corrupted altar of Lugonu.
 53227 | Abyss:1  | Found a corrupted altar of Lugonu.
 53239 | Abyss:1  | Found a corrupted altar of Lugonu.
 53421 | Abyss:1  | Received a gift from Okawaru
 53500 | Abyss:1  | Gained mutation: You have hidden genetic defects. [a
                  | neqoxec]
 53965 | Abyss:3  | Found a corrupted altar of Lugonu.
 54578 | Abyss:5  | Received a gift from Okawaru
 54663 | Abyss:5  | Paralysed by accursed screaming for 1 turns
 54670 | Abyss:5  | Paralysed by accursed screaming for 1 turns
 54674 | Abyss:5  | Got an abyssal rune of Zot
 54678 | Abyss:5  | Paralysed by accursed screaming for 2 turns
 54687 | Abyss:5  | Paralysed by accursed screaming for 1 turns
 54712 | Depths:1 | Escaped the Abyss
 55035 | Depths:1 | Lost mutation: You have large cloven feet. [potion of
                  | mutation]
 55035 | Depths:1 | Lost mutation: You have hidden genetic defects. [potion of
                  | mutation]
 55035 | Depths:1 | Gained mutation: You have sharp fingernails. [potion of
                  | mutation]
 55315 | Temple   | Entered the Ecumenical Temple
 55320 | Temple   | Fell from the grace of Okawaru
 55320 | Temple   | Became a worshipper of the Shining One
 55571 | Crypt:1  | Entered Level 1 of the Crypt
 55580 | Crypt:1  | Reached * piety under the Shining One
 55611 | Crypt:1  | Reached ** piety under the Shining One
 55629 | Crypt:1  | Reached XP level 27. HP: 254/254 MP: 40/40
 55790 | Crypt:1  | Reached *** piety under the Shining One
 56009 | Crypt:1  | Reached **** piety under the Shining One
 56077 | Crypt:1  | Found an ancient bone altar of Kikubaaqudgha.
 56082 | Crypt:1  | Identified the +1 robe of Crawling {rF+ Str+3}
 56098 | Crypt:1  | Identified the +3 pair of boots "Vuepu" {rCorr Str-3 Int+4
                  | Dex+5}
 56304 | Crypt:1  | Reached ***** piety under the Shining One
 56862 | Crypt:2  | Reached ****** piety under the Shining One
 57265 | Crypt:2  | Noticed Mennas
 57284 | Crypt:2  | Killed Mennas
 57495 | Crypt:3  | Entered Level 3 of the Crypt
 58309 | Crypt:3  | Identified the ring of Niqie {rPois rN+ Str+3 Dex+2}
 58309 | Crypt:3  | Identified the ring of Xom's Best Wishes {rN+ Str+2 SInv}
 58539 | Crypt:3  | Found an ancient bone altar of Kikubaaqudgha.
 58541 | Crypt:3  | Noticed a dread lich
 58544 | Crypt:3  | Killed a dread lich
 58583 | Crypt:3  | Noticed an ancient lich
 58590 | Crypt:3  | Killed an ancient lich
 58744 | Crypt:3  | Found a staircase to the Tomb.
 59121 | Crypt:3  | Identified the staff "Ox" {rPois rC- Dex+6 Poison}
 59399 | Tomb:1   | Entered Level 1 of the Tomb of the Ancients
 60015 | Tomb:1   | Noticed a royal mummy
 60057 | Tomb:1   | Killed a royal mummy
 60062 | Tomb:1   | Identified the ring "Masomes" {rF+ rN+ Str+2 Int+6 Stlth-}
 60097 | Tomb:1   | Noticed a royal mummy
 60112 | Tomb:1   | Killed a royal mummy
 60124 | Tomb:1   | Noticed a royal mummy
 60136 | Tomb:1   | Killed a royal mummy
 61148 | Geh:1    | Entered Level 1 of Gehenna
 62896 | Geh:6    | Noticed an ancient lich
 62905 | Geh:6    | Killed an ancient lich
 62985 | Geh:6    | Was forgiven by Okawaru
 63153 | Geh:7    | Entered Level 7 of Gehenna
 64426 | Geh:7    | Identified the +1 scale mail "Linacw" {rC+}
 64441 | Geh:7    | Identified the staff of Ikhey {^Contam rElec rF+ rN+ Ice
                  | Air Earth}
 64854 | Geh:7    | Found the +13 sceptre of Asmodeus
 64854 | Geh:7    | Noticed Asmodeus
 64879 | Geh:7    | Killed Asmodeus
 64930 | Geh:7    | Got an obsidian rune of Zot
 65322 | Coc:1    | Entered Level 1 of Cocytus
 65864 | Coc:3    | Paralysed by a wendigo for 1 turns
 66358 | Coc:4    | Reached skill level 27 in Axes
 66666 | Coc:5    | Reached skill level 27 in Fighting
 67317 | Coc:6    | Paralysed by a wendigo for 1 turns
 67651 | Coc:7    | Entered Level 7 of Cocytus
 67671 | Coc:7    | Paralysed by a wendigo for 1 turns
 67857 | Coc:7    | Noticed an ancient lich
 67872 | Coc:7    | Killed an ancient lich
 68181 | Coc:7    | Paralysed by a wendigo for 1 turns
 68263 | Coc:7    | Found the +10 morningstar "Eos" {elec, Halo rElec}
 68267 | Coc:7    | Identified the +6 scale mail of the Stallion {-Cast rC+
                  | Regen+}
 68269 | Coc:7    | Got the Compendium of Amassed Combat Magic
 68273 | Coc:7    | Identified the +1 long sword of the Goat {holy, ^Contam
                  | rPois rF++ Will+}
 68971 | Coc:7    | Noticed Antaeus
 69000 | Coc:7    | Killed Antaeus
 69067 | Coc:7    | Identified the staff "Vabrouly" {Str+6 Dex-2 Conj}
 69068 | Coc:7    | Identified the +8 sling of Inigov {antimagic, rC- Will++
                  | rCorr SInv}
 69069 | Coc:7    | Identified the +4 ring mail of the Game of Kings {*Corrode
                  | Will+ SInv}
 69071 | Coc:7    | Identified the +0 hand axe "Wiuf" {protect, Dex+3}
 69075 | Coc:7    | Got an icy rune of Zot
 69634 | Dis:1    | Entered Level 1 of the Iron City of Dis
 70263 | Dis:2    | Reached skill level 27 in Armour
 71375 | Dis:4    | You are sucked into a shaft and drop 1 floor!
 72136 | Dis:7    | Entered Level 7 of the Iron City of Dis
 73497 | Dis:7    | Identified the +10 sling of Dried Tears {freeze, rN++}
 73773 | Dis:7    | Identified the +6 scale mail of Greed {Harm Int+2 Stlth+}
 73789 | Dis:7    | Found the ring of the Mage {Wiz Archmagi}
 73846 | Dis:7    | Found the +15 Maxwell's patent armour {-Cast -Tele rElec
                  | Will+ rCorr}
 73957 | Dis:7    | Noticed Dispater
 73971 | Dis:7    | Killed Dispater
 73972 | Dis:7    | Reached skill level 27 in Shields
 74018 | Dis:7    | Got an iron rune of Zot
 74274 | Dis:7    | Identified the ring of the Sky {rElec AC+4 Dex+3}
 74608 | Tar:1    | Entered Level 1 of Tartarus
 75082 | Tar:2    | Noticed a dread lich
 75085 | Tar:2    | Killed a dread lich
 77336 | Tar:7    | Entered Level 7 of Tartarus
 77338 | Tar:7    | Noticed a dread lich
 77342 | Tar:7    | Killed a dread lich
 77446 | Tar:7    | Noticed a dread lich
 77449 | Tar:7    | Noticed an ancient lich
 77454 | Tar:7    | HP: 13/273 [ancient lich/crystal spear (19)]
 78154 | Tar:7    | Killed an ancient lich
 78369 | Tar:7    | Noticed the Serpent of Hell
 78378 | Tar:7    | Killed the Serpent of Hell
 78425 | Tar:7    | Noticed Ereshkigal
 78438 | Tar:7    | Killed Ereshkigal
 78458 | Tar:7    | Got a bone rune of Zot
 78764 | Tar:7    | Killed a dread lich
 78824 | Tar:7    | Identified the +10 shortbow of Quantum Leap {heavy, Dex+4}
 78860 | Tar:7    | Identified the +2 chain mail "Butweg" {Int+4}
 79778 | Pan      | Entered Pandemonium
 79783 | Pan      | Noticed Roanuxti the pandemonium lord
 79787 | Pan      | Killed Roanuxti the pandemonium lord
 79862 | Pan      | Got a demonic rune of Zot
 80754 | Pan      | Found a runed translucent door.
 80769 | Pan      | Found a runed translucent door.
 80772 | Pan      | Found a runed translucent door.
 80773 | Pan      | Found a runed translucent door.
 81412 | Pan      | Noticed Vionotzo the pandemonium lord
 81605 | Pan      | Killed Vionotzo the pandemonium lord
 81611 | Pan      | Reached skill level 27 in Dodging
 82296 | Pan      | Noticed Ehoebrout the pandemonium lord
 82317 | Pan      | Killed Ehoebrout the pandemonium lord
 82536 | Pan      | Reached skill level 10 in Evocations
 82576 | Pan      | Noticed Niehosen the pandemonium lord
 82583 | Pan      | Killed Niehosen the pandemonium lord
 83038 | Pan      | Noticed Uteipnis the pandemonium lord
 83048 | Pan      | Killed Uteipnis the pandemonium lord
 84369 | Pan      | Entered the realm of Lom Lobon.
 84414 | Pan      | Found an exit through the horrors of the Abyss.
 84567 | Pan      | Identified the +0 robe of Starshine {Rampage +Inv Fly}
 84941 | Pan      | Reached skill level 15 in Evocations
 85041 | Pan      | Noticed Lom Lobon
 85055 | Pan      | Killed Lom Lobon
 85126 | Pan      | Identified the +1 scimitar of Izurheatz {chaos, rN+ Will+
                  | Dex+3}
 85203 | Pan      | Got a magical rune of Zot
 85474 | Pan      | Noticed Picvoud the pandemonium lord
 85480 | Pan      | Killed Picvoud the pandemonium lord
 85930 | Pan      | Identified the +0 hand axe of the Five Artists {freeze,
                  | rN+}
 86187 | Pan      | Gained mutation: Your health recovers twice as slowly from
                  | being drained. [a neqoxec]
 86777 | Pan      | Identified the +6 dagger "Hydraslayer" {pain, rC+ Will+}
 86880 | Pan      | Identified the +3 pair of gloves of the Swamp {Harm +Blink
                  | Stlth+}
 87229 | Pan      | Entered the realm of Gloorx Vloq.
 87979 | Pan      | Noticed Gloorx Vloq
 87984 | Pan      | Killed Gloorx Vloq
 88047 | Pan      | Got a dark rune of Zot
 88231 | Pan      | Noticed Hyappu the pandemonium lord
 88241 | Pan      | Killed Hyappu the pandemonium lord
 88267 | Pan      | Acquired 1107 gold pieces
 89403 | Pan      | Identified the +2 ring mail of Vuenecso {rPois}
 89516 | Pan      | Identified the +0 pair of boots "Uryila" {Int+4}
 89771 | Pan      | Noticed Watoudduto the pandemonium lord
 89783 | Pan      | Killed Watoudduto the pandemonium lord
 89790 | Pan      | Identified the staff of an ice cave {^Contam rElec rF++
                  | Tmut Earth}
 90092 | Pan      | Entered the realm of Cerebov.
 90102 | Pan      | Found the +6 sword of Cerebov {flame}
 90102 | Pan      | Noticed Cerebov
 90124 | Pan      | Killed Cerebov
 90493 | Pan      | Got a fiery rune of Zot
 90543 | Pan      | Identified the ring of Loziufausk {rF+ MP+9}
 90621 | Pan      | Identified the staff "Qezahe" {rN+ Int+2 Hexes Necro}
 90627 | Pan      | Identified the ring of the Scarab {rPois rN+ Int+3}
 90765 | Pan      | Identified the +1 flail of Debt {protect, rN+ Str+3}
 90841 | Pan      | Identified the staff of Exchange {rElec rC+ Conj Tmut}
 90859 | Pan      | Identified the +2 scimitar "Pevoicya" {drain, *Slow rElec
                  | rF+ Int+3}
 91514 | Pan      | Upgraded the game from 0.31-a0-1308-ga3cce3a448 to
                  | 0.31-a0-1317-gdfb52cbc09
 91533 | Pan      | Entered the realm of Mnoleg.
 91633 | Pan      | Noticed Mnoleg
 91663 | Pan      | Killed Mnoleg
 91936 | Pan      | Identified the +4 pair of boots of Atetsye {rF++ rC- Int+4}
 92064 | Pan      | Found an exit through the horrors of the Abyss.
 92400 | Pan      | Got a glowing rune of Zot
 92608 | Depths:2 | Escaped Pandemonium
 93240 | Tomb:2   | Noticed a royal mummy
 93242 | Tomb:2   | Noticed a royal mummy
 93247 | Tomb:2   | Killed a royal mummy
 93248 | Tomb:2   | Noticed a royal mummy
 93256 | Tomb:2   | Killed a royal mummy
 93260 | Tomb:2   | Noticed a royal mummy
 93261 | Tomb:2   | Killed a royal mummy
 93268 | Tomb:2   | Killed a royal mummy
 93887 | Tomb:1   | Noticed a royal mummy
 93887 | Tomb:1   | Noticed a royal mummy
 93887 | Tomb:1   | Noticed a royal mummy
 93893 | Tomb:1   | Killed a royal mummy
 93895 | Tomb:1   | Noticed a royal mummy
 93897 | Tomb:1   | Killed a royal mummy
 93899 | Tomb:1   | Killed a royal mummy
 93900 | Tomb:1   | Noticed a royal mummy
 93904 | Tomb:1   | Killed a royal mummy
 93913 | Tomb:1   | Killed a royal mummy
 93914 | Tomb:1   | Noticed a royal mummy
 93919 | Tomb:1   | Killed a royal mummy
 94180 | Tomb:1   | Noticed a royal mummy
 94188 | Tomb:1   | Killed a royal mummy
 94233 | Tomb:1   | Noticed a royal mummy
 94234 | Tomb:1   | Noticed a royal mummy
 94239 | Tomb:1   | Killed a royal mummy
 94241 | Tomb:1   | Killed a royal mummy
 94322 | Tomb:1   | Noticed a royal mummy
 94329 | Tomb:1   | Killed a royal mummy
 94336 | Tomb:1   | Noticed a royal mummy
 94345 | Tomb:1   | Killed a royal mummy
 94860 | Tomb:3   | Entered Level 3 of the Tomb of the Ancients
 94879 | Tomb:3   | Noticed a royal mummy
 94879 | Tomb:3   | Noticed a royal mummy
 94880 | Tomb:3   | Noticed a royal mummy
 94883 | Tomb:3   | Noticed a royal mummy
 94891 | Tomb:3   | HP: 5/273 [spectral iron giant[a mummy priest] (17)]
 94893 | Tomb:3   | Killed a royal mummy
 94894 | Tomb:3   | Reached skill level 27 in Evocations
 94896 | Tomb:3   | Slain by a death scarab

Illustrated notes

Levels and vault maps discovered:
D:1:      lightli_arrival_quake, layout_basic
D:2:      layout_basic, uniq_robin, uniq_jessica
D:3:      layout_rooms, mainiacjoe_overflow_chevrons, elyvilon_altar_5,
          dreamdust_ecumenical_altar_statues
D:4:      layout_loops_corners, roderic_lattice_a
D:5:      layout_basic, bloody_trog, uniq_duvessa
D:6:      cheibrodos_helix_gallery, layout_basic
D:7:      layout_loops_ring, temple_pool_b, minmay_lizard_king
D:8:      layout_basic, led_xom_imps, grunt_ministairs_1
D:9:      layout_loops_corners, nemelex_spade_bored_becter,
          due_lair_maze_entry_diamond, kennysheep_small_circle
D:10:     layout_rooms, grunt_ministairs_6, minmay_misc_feat_more_columns
D:11:     layout_loops_corners, david_orc_1_choice, gauntlet_entry_generic,
          nicolae_trove_entry_path_of_doom, serial_park_tiny_1, zin_treasury
D:12:     layout_loops_corners
D:13:     layout_stronghold, erik_vaults_2, grunt_gozag_breadcrumbs
D:14:     layout_grid_maze, lemuel_round_altar, serial_shops,
          nicolae_shop_tiny_statue_garden, uniq_lodul
D:15:     hangedman_depths_entry_try_elsewhere_first, layout_small_grid,
          serial_rivers, chequers_serial_rivers_micro_d,
          chequers_serial_rivers_marsh, chequers_serial_rivers_small_3,
          chequers_serial_rivers_micro_c, chequers_serial_rivers_room_b,
          chequers_serial_rivers_large_a, minmay_protected_statue
Temple:   nicolae_temple_bog_church
Lair:1:   layout_cave_shapes, grunt_megastairs_5
Lair:2:   layout_misc_corridors, nicolae_swamp_entry_splash_gauntlet,
          dummy_spider_entry, grunt_megastairs_3
Lair:3:   layout_cave_pods
Lair:4:   beast_lair_carwin_large_3, layout_regular_city,
          dpeg_slime_entry_enclosed, nicolae_volcano_entry_lava_flow,
          hellmonk_guarded_unrand_seven_league_boots, grunt_megastairs_4,
          infiniplex_staircase_pool
Lair:5:   gammafunk_lair_ancient_temple, layout_hall_layers, special_room
          [special_room_bee], lemuel_fruit_fields
Swamp:1:  layout_basic_swamp, gammafunk_ghost_mausoleum,
          evilmike_swamp_ruin_rubble_1, swamp_pool_1_2
Swamp:2:  layout_basic_swamp, nicolae_swamp_fairy_circle
Swamp:3:  cheibrodos_swamp_tower_of_moss, layout_basic_swamp,
          evilmike_swamp_ruin_house_4, infiniplex_staircase_pool_2,
          uniq_bai_suzhen
Swamp:4:  swamp_vile, layout_basic_swamp
Spider:1: layout_spider_delve, hangedman_spider_mandibles
Spider:2: layout_chambers, gammafunk_ghost_split
Spider:3: layout_cave_pods, nicolae_spider_not_touching_you
Spider:4: grunt_spider_rune_island, nicolae_spider_nook
Slime:1:  layout_caves, basic_altar, cheibrodos_slime_lost_civilization_5
Slime:2:  layout_caves
Slime:3:  layout_caves
Slime:4:  layout_caves
Slime:5:  slime_pit
Orc:1:    hellmonk_paralyzer, layout_caves, gammafunk_ghost_abyssal_escape
Orc:2:    st_orc_pillars, layout_caves, nicolae_orc_lava_room
Elf:1:    layout_loops_corners, serial_shops, nicolae_shop_tiny_waterfront,
          minmay_elf_demonology, serial_library_regret_index_boxing,
          nicolae_elf_double_double_double_trouble
Elf:2:    nicolae_elf_blades_splatter_lattice [mumra_blade_entry_bloodbath],
          layout_geoelf_grid, portal_ice_cave_entry_dragon, serial_shops,
          freezing_bzr, shop, grunt_ministairs_3, uniq_jorgrun
Elf:3:    elf_hall, layout_geoelf_grid, serial_shops, shop, mu_enter_wizlab_5
Vaults:1: nicolae_vaults_meiosis, hangedman_vaults_impose, v_misc_29, v_misc_23,
          nicolae_vaults_closet_pinwheel_4, vaults_room_pools, vaults_room_pool,
          nicolae_vaults_double_plus_1, layout_vaults_omnigrid, serial_shops,
          shop, shop, nicolae_shop_hallway_plus, uniq_asterion, uniq_donald
Vaults:2: vaults_room_fours, minmay_crypt_entry_simple_plaza,
          nicolae_vaults_big_angled_halls, ontoclasm_vaults_ring_square,
          hangedman_vaults_nails, nicolae_vaults_closet_pinwheel_5,
          hangedman_vaults_snaps, nicolae_vaults_house_3,
          ontoclasm_vaults_ring_square, nicolae_vaults_little_squares_3,
          vaults_mumra_hex, nicolae_vaults_trapezoid_layered,
          vaults_room_hangedman_quadrants, vaults_dpeg_hooks,
          layout_vaults_omnicross, uniq_nikola, uniq_mara, uniq_sojobo
Vaults:3: vaults_standard_mumra_x, vaults_dpeg_diagonal, hangedman_vaults_nodes,
          ontoclasm_vaults_loading_screen, v_misc_27, v_pattern_2,
          ontoclasm_vaults_ring_large, nicolae_vaults_arrows, v_alt_pattern_1,
          nicolae_vaults_lightning_bolt, nicolae_vaults_diamond_1,
          nicolae_vaults_you_can_take_it_with_you,
          nicolae_vaults_diagonal_hallway_7, vaults_standard_mumra_lines,
          v_misc_14, nicolae_vaults_trapezoid_2, layout_vaults_omnibox,
          uniq_margery
Vaults:4: nicolae_vaults_steering_wheel, hangedman_vaults_maws,
          hangedman_vaults_nails, nicolae_vaults_off_center_swirl,
          nicolae_vaults_more_shelving_2, vaults_room_grunt_arrival_ludios,
          hangedman_vaults_stitches, nicolae_vaults_little_squares_2,
          nicolae_vaults_cochlea, vaults_dpeg_ring, layout_vaults_maze_snakey,
          serial_shops, nicolae_shop_tiny_glass, shop, nicolae_shop_scrapyard
Vaults:5
Crypt:1:  cheibrodos_crypt_down_in_the_bonehoard, layout_misc_corridors
Crypt:2:  layout_catacombs, uniq_mennas
Crypt:3:  quadcrypt_mu
Tomb:1
Tomb:2
Tomb:3
Depths:1: layout_long_grid, enter_ziggurat_c, hell_entry, abyss_entry_glasseish,
          fedhas_altar_2, amcnicky_mini_pool_medium
Depths:2: nicolae_hitomezashi [nicolae_hito_row, nicolae_hito_row,
          nicolae_hito_row, nicolae_hito_row, nicolae_hito_row,
          nicolae_hito_row, nicolae_hito_row, nicolae_hito_row,
          nicolae_hito_row, nicolae_hito_row, nicolae_hito_row,
          nicolae_hito_row, nicolae_hito_row, nicolae_hito_row,
          nicolae_hito_row, nicolae_hito_row, nicolae_hito_row,
          nicolae_hito_row], layout_gridlike, serial_shops,
          nicolae_shop_window_shopping, rand_demon_pan_entry_8,
          nicolae_abyss_entry_one_way_or_another, hell_entry,
          hangedman_glass_teeth, uniq_norris
Depths:3: minmay_the_grid_square_5x5_4x4_mashed
          [minmay_the_grid_square_5x5_two_walls_a,
          minmay_the_grid_square_5x5_percent,
          minmay_the_grid_square_5x5_beaten_path,
          minmay_the_grid_square_5x5_six, minmay_the_grid_square_5x5_three,
          minmay_the_grid_square_5x5_prize_waves,
          minmay_the_grid_square_5x5_prize_deathbox,
          minmay_the_grid_square_5x5_eight_small,
          minmay_the_grid_square_5x5_half_checkered,
          minmay_the_grid_square_5x5_prize_junk,
          minmay_the_grid_square_5x5_prize_itemx,
          minmay_the_grid_square_5x5_shuriken,
          minmay_the_grid_square_5x5_broken_cross,
          minmay_the_grid_square_5x5_checkered_sparse,
          minmay_the_grid_square_5x5_corner,
          minmay_the_grid_square_5x5_longway], layout_cave_pools, abyss_entry,
          grunt_hell_entry_dis_mu
Depths:4: grunt_zot_entry_alcove, layout_long_grid, pf_hell_entry_tar_river,
          serial_rivers, chequers_serial_rivers_micro_c,
          chequers_serial_rivers_room_b, chequers_serial_rivers_small_a,
          chequers_serial_rivers_large_b, chequers_serial_rivers_small_a,
          chequers_serial_rivers_micro_a, rand_demon_pan_entry_9,
          abyss_entry_small_statue_room, serial_bayou_shore_b, uniq_vv,
          uniq_jory
Hell
Dis:1:    layout_subdivisions
Dis:2:    layout_regular_city
Dis:3:    layout_jigsaw, nicolae_dis_big_boring_drill
Dis:4:    layout_regular_city, nicolae_dis_distal_crystal
Dis:5:    layout_gridville, nicolae_hells_seeping_fissure
Dis:6:    layout_jigsaw
Dis:7:    iron_city_of_dis [dis_grunt, dis_wall_3], layout_gridville,
          serial_glass, glass_columns_a, glass_columns_c, glass_columns_c,
          glass_columns_c, glass_columns_a
Geh:1:    layout_gehenna_pools_triple, hangedman_elemental_grid_stream
Geh:2:    layout_gehenna_pools_basic
Geh:3:    layout_gehenna_pools_triple
Geh:4:    nicolae_hells_demon_pit, layout_gehenna_pools_basic
Geh:5:    layout_gehenna_lava_caves
Geh:6:    layout_gehenna_lava_caves, nicolae_hells_seeping_fissure
Geh:7:    evilmike_geh
Coc:1:    layout_ice_bergs
Coc:2:    layout_ice_bergs
Coc:3:    layout_cocytus_delve
Coc:4:    nicolae_coc_ice_floe, layout_ice_bergs,
          nicolae_coc_statues_of_limitations
Coc:5:    layout_cocytus_water_paths
Coc:6:    layout_ice_bergs, nicolae_hells_hurtin_island
Coc:7:    coc_grunt
Tar:1:    layout_grid_maze
Tar:2:    layout_honeycomb
Tar:3:    layout_grid_maze
Tar:4:    layout_grid_maze, lemuel_nasty_pond
Tar:5:    layout_grid_maze
Tar:6:    layout_honeycomb
Tar:7:    tar_old

Skill      XL: |  1  2  3  4  5  6  7  8  9 10 11 12 13 14 15 16 17 18 19 20 21 22 23 24 25 26 27 |
---------------+----------------------------------------------------------------------------------+-----
Axes           | 3 4 5 6 8 10 11 13 14 16 17 19 20 21 22 27 | 27.0
Fighting       | 4 5 6 8 9 11 12 13 15 16 17 19 20 21 22 27 | 27.0
Armour         | 4 5 6 7 8 9 10 11 12 13 14 15 16 18 21 22 27 | 27.0
Shields        | 4 5 6 7 8 9 10 11 12 13 14 15 16 17 19 21 22 27 | 27.0
Invocations    | 1 3 4 6 7 8 9 11 12 13 14 15 16 18 20 21 23 26 27 | 27.0
Evocations     | 3 5 27 | 27.0
Dodging        | 11 15 19 27 | 27.0
Throwing       | 2 |  2.3

Action                     |  1- 3 |  4- 6 |  7- 9 | 10-12 | 13-15 | 16-18 | 19-21 | 22-24 | 25-27 || total
---------------------------+-------+-------+-------+-------+-------+-------+-------+-------+-------++-------
  Melee: War axe           |   104 |   161 |   194 |   492 |  1118 |   180 |       |       |       ||  2249
         Broad axe         |       |       |       |       |       |   406 |       |       |       ||   406
         Labrys            |       |       |       |       |       |   575 |  1185 |  1231 |  6001 ||  8992
  Throw: Throwing net      |       |       |     1 |       |       |       |       |       |       ||     1
         Javelin           |       |       |       |       |     4 |       |       |       |     3 ||     7
 Invoke: Heroism           |       |       |     4 |    14 |     9 |     8 |     8 |     5 |     8 ||    56
         Finesse           |       |       |       |     1 |     1 |       |     2 |     2 |     2 ||     8
         Receive Weapon    |       |       |       |       |       |     1 |       |       |       ||     1
         Receive Armour    |       |       |       |       |       |     1 |       |       |       ||     1
         Duel              |       |       |       |       |       |       |     4 |       |       ||     4
         Cleansing Flame   |       |       |       |       |       |       |       |       |   144 ||   144
         Summon Divine War |       |       |       |       |       |       |       |       |     8 ||     8
         Divine Shield     |       |       |       |       |       |       |       |       |     5 ||     5
  Evoke: Wand              |       |       |     1 |     1 |    21 |       |     3 |     1 |     3 ||    30
         Lightning rod     |       |       |       |     8 |    17 |     9 |       |       |       ||    34
    Use: Scroll            |       |    11 |     6 |    10 |     6 |     9 |     8 |     1 |    22 ||    73
         Potion            |       |       |       |     3 |       |     2 |    12 |     1 |    25 ||    43
   Stab: Held in net/web   |       |       |     2 |       |       |     1 |       |       |       ||     3
         Distracted        |       |       |       |       |       |     2 |     2 |       |     1 ||     5
         Confused          |       |       |       |       |       |       |       |       |     1 ||     1
 Armour: Scale mail        |    53 |    78 |    65 |       |       |       |       |       |       ||   196
         Chain mail        |       |       |    59 |    92 |    77 |       |       |       |       ||   228
         Plate armour      |       |       |       |   186 |   741 |   288 |       |       |       ||  1215
         Crystal plate arm |       |       |       |       |       |   472 |   697 |   374 |   633 ||  2176
         Gold dragon scale |       |       |       |       |       |       |       |       |  1019 ||  1019
  Dodge: Dodged            |    81 |   123 |   123 |   157 |   360 |   332 |   217 |   174 |   883 ||  2450
  Block: Buckler           |    21 |    40 |     4 |       |       |       |       |       |       ||    65
         Kite shield       |       |       |    71 |   241 |   130 |       |       |       |       ||   442
         Tower shield      |       |       |       |       |   860 |  1400 |  1132 |  1129 |  6146 || 10667
         Reflection        |       |       |       |       |       |    10 |    59 |   109 |   193 ||   371

Table legend: (Time is in decaauts)
 A = Elapsed time spent in this place.
 B = Non-inter-level travel time spent in this place.
 C = Inter-level travel time spent in this place.
 D = Time resting spent in this place.
 E = Time spent auto-exploring this place.
 F = Levels seen in this place.
 G = Mean time per level.
                   A        B        C        D        E       F      G
               +--------+--------+--------+--------+--------+-----+--------+
         Total |  92682 |  83610 |   9072 |   5044 |  60662 | 112 |  827.5 |
       Dungeon |  15073 |  12543 |   2530 |    180 |   9904 |  15 | 1004.9 |
        Temple |     10 |      1 |      9 |      0 |      0 |   1 |   10.0 |
          Lair |   5082 |   4586 |    496 |    271 |   3230 |   5 | 1016.4 |
         Swamp |   3681 |   3484 |    197 |     37 |   2847 |   4 |  920.2 |
   Spider Nest |   5057 |   4885 |    172 |    185 |   3803 |   4 | 1264.2 |
    Slime Pits |   3984 |   3832 |    152 |   1232 |   1951 |   5 |  796.8 |
  Orcish Mines |   1859 |   1397 |    462 |     80 |    888 |   2 |  929.5 |
   Elven Halls |   3285 |   2739 |    546 |      0 |   2001 |   3 | 1095.0 |
        Vaults |   7927 |   6742 |   1185 |    267 |   5124 |   5 | 1585.4 |
         Crypt |   4017 |   3365 |    652 |      0 |   2561 |   3 | 1339.0 |
          Tomb |   3104 |   2654 |    450 |    273 |   1839 |   3 | 1034.7 |
        Depths |   5106 |   4243 |    863 |      0 |   3634 |   4 | 1276.5 |
          Hell |   1155 |    814 |    341 |    100 |    500 |   1 | 1155.0 |
           Dis |   4642 |   4320 |    322 |   1057 |   2293 |   7 |  663.1 |
       Gehenna |   3858 |   3612 |    246 |    135 |   2788 |   7 |  551.1 |
       Cocytus |   4094 |   3822 |    272 |    358 |   2669 |   7 |  584.9 |
      Tartarus |   4545 |   4375 |    170 |    451 |   3097 |   7 |  649.3 |
         Abyss |   1685 |   1685 |      0 |      0 |   1006 |   5 |  337.0 |
   Pandemonium |  12379 |  12379 |      0 |     69 |   9645 |  14 |  884.2 |
        Bazaar |     33 |     33 |      0 |      0 |      0 |   1 |   33.0 |
         Trove |     38 |     38 |      0 |      0 |      0 |   1 |   38.0 |
      Ice Cave |    609 |    609 |      0 |      0 |    336 |   1 |  609.0 |
       Volcano |    415 |    415 |      0 |      0 |    150 |   1 |  415.0 |
        Wizlab |    557 |    557 |      0 |    286 |    189 |   1 |  557.0 |
      Gauntlet |    385 |    385 |      0 |      2 |    204 |   1 |  385.0 |
         Arena |     92 |     92 |      0 |     59 |      0 |   4 |   23.0 |
               +--------+--------+--------+--------+--------+-----+--------+

Top non-repeatable levels by time:
  Tomb:1: 2139 daAuts
 Crypt:3: 2120 daAuts
   Dis:7: 2104 daAuts
Depths:1: 1913 daAuts
   Geh:7: 1869 daAuts
Spider:2: 1866 daAuts
Vaults:2: 1807 daAuts
   Tar:7: 1762 daAuts
   Coc:7: 1760 daAuts
    D:11: 1738 daAuts
Vaults:4: 1726 daAuts
Vaults:3: 1713 daAuts
    D:15: 1709 daAuts
 Slime:4: 1570 daAuts
Vaults:1: 1385 daAuts
